 Dungeon Crawl Stone Soup version 0.30-a0-728-gc68057be0a (webtiles) character file.

Game seed: 11319309305157278996

35 sircluck the Chopper (level 3, -3/30 HPs)
             Began as a Hill Orc Reaver on Jan 31, 2023.
             Slain by a gnoll
             ... wielding a +0 halberd
              (6 damage)
             ... on level 2 of the Dungeon.
             The game lasted 00:04:01 (1539 turns).

sircluck the Chopper (Hill Orc Reaver)              Turns: 1539, Time: 00:04:01

Health: -3/30      AC: 11    Str: 16    XL:     3   Next: 33%
Magic:  5/5        EV:  4    Int: 13    God:
Gold:   139        SH:  0    Dex:  9    Spells: 4/5 levels left

rFire   . . .      SeeInvis .    a - +0 hand axe
rCold   . . .      Faith    .    (no shield)
rNeg    . . .      Spirit   .    o - +0 plate armour
rPois   .          Reflect  .    p - +0 helmet
rElec   .          Harm     .    (no cloak)
rCorr   .          Rampage  .    (no gloves)
Will    .....                    (no boots) Stlth
                                 (no amulet)
HPRegen 0.25/turn                (no ring)
MPRegen 0.09/turn                (no ring)

@: no status effects
A: no striking features
a: no special abilities


You were on level 2 of the Dungeon.
You visited 1 branch of the dungeon, and saw 2 of its levels.

You collected 139 gold pieces.

Inventory:

Hand Weapons
 a - a +0 hand axe (weapon)
 q - a +4 rapier
Missiles
 m - 10 stones
Armour
 b - a +0 leather armour
 d - a +0 ring mail
 n - a +0 helmet
 o - a +0 plate armour (worn)
 p - a +0 helmet (worn)
Jewellery
 t - an amulet of guardian spirit
Scrolls
 c - a scroll of blinking {unknown}
 f - a scroll of identify {unknown}
 g - a scroll of noise {unknown}
 j - a scroll of fog {unknown}
 k - a scroll of vulnerability {unknown}
 r - 2 scrolls of enchant weapon {unknown}
Potions
 e - a potion of magic {unknown}
 h - a potion of brilliance {unknown}
 i - a potion of attraction {unknown}
 l - a potion of degeneration {unknown}
 s - a potion of resistance {unknown}


   Skills:
 + Level 2.6 Fighting
 + Level 4.8 Axes
 + Level 0.8 Armour
 + Level 1.6 Dodging
 + Level 1.6 Spellcasting
 + Level 3.3 Conjurations


You had 4 spell levels left.
You knew the following spells:

 Your Spells              Type           Power      Damage    Failure   Level
a - Kiss of Death         Conj/Necr      20%        2d7       100%        1

Your spell library contained the following spells:

 Spells                   Type           Power      Damage    Failure   Level
 Momentum Strike          Conj/Tloc      10%        3d8       100%        2
 Hailstorm                Conj/Ice       5%         3d4       100%        3


Dungeon Overview and Level Annotations

Branches:
Dungeon (2/15)

Altars:


Message History

You hit the quokka.
The quokka is moderately wounded.
The gnoll hits you but does no damage. The quokka barely misses you.
The gnoll hits you from afar with a +0 halberd.
* * * LOW HITPOINT WARNING * * *
You closely miss the quokka. Your punch misses the quokka.
The quokka is moderately wounded.
The quokka bites you but does no damage.
The gnoll hits you from afar with a +0 halberd.
* * * LOW HITPOINT WARNING * * *
You hit the quokka.
The quokka is heavily wounded.
The quokka barely misses you.
The quokka bites you but does no damage.
The gnoll hits you but does no damage.
You closely miss the quokka.
The quokka is heavily wounded.
The quokka bites you.
* * * LOW HITPOINT WARNING * * *
The gnoll hits you from afar with a +0 halberd.
* * * LOW HITPOINT WARNING * * *
Casting: Kiss of Death (safe; 100% risk of failure)
Confirm with . or Enter, or press ? or * to list all spells.
Okay, then.
You completely miss the quokka.
The quokka is heavily wounded.
The quokka bites you.
* * * LOW HITPOINT WARNING * * *
The gnoll barely misses you. The quokka attacks as you move away!
The quokka barely misses you.
You barely miss the quokka.
The quokka is moderately wounded.
The quokka barely misses you. The gnoll barely misses you.
The quokka closely misses you.
You hit the quokka.
The quokka is heavily wounded.
The quokka bites you.
* * * LOW HITPOINT WARNING * * *
The gnoll hits you from afar with a +0 halberd.
You die...

##.....#####.#.##
##............#.#
#.........#####.#
##.<...).## #+##
##.....## #?..#
#........# #.....
#.##..##.# #$.....
#.##...#.##.......
# #.....@rgg......
.....>..##?......
####..#### #......
#.# #..... #.
#...# # #+##


You could see 2 gnolls and a quokka.

Vanquished Creatures
  A gnoll (D:2)
  A worm (D:2)
  A dart slug (D:1)
  A ball python (D:2)
  4 endoplasms (D:1)
  A giant cockroach (D:1)
  A goblin (D:2)
  3 hobgoblins
  A bat (D:1)
  A frilled lizard (D:1)
  3 kobolds (D:1)
  A rat (D:1)
19 creatures vanquished.

Notes
Turn   | Place    | Note
-------+----------+-------------------------------------------
     0 | D:1      | sircluck the Hill Orc Reaver began the quest for the Orb.
     0 | D:1      | Reached XP level 1. HP: 18/18 MP: 3/3
   293 | D:1      | Reached XP level 2. HP: 25/25 MP: 4/4
   477 | D:1      | Found a faded altar of an unknown god.
  1060 | D:1      | You fall into a shaft and drop 1 floor!
  1437 | D:2      | Reached XP level 3. HP: 30/30 MP: 5/5
  1539 | D:2      | Slain by a gnoll

Illustrated notes

Levels and vault maps discovered:
D:1:      psy_arrival_statuary, layout_basic,
          dreamdust_ecumenical_altar_statues, nicolae_figureground_sparkle
D:2:      layout_loops_corners

Action                     || total
---------------------------++-------
  Melee: Hand axe          ||    74
         Punch             ||     1
 Armour: Ring mail         ||    11
         Plate armour      ||    19
  Dodge: Dodged            ||    23

Table legend: (Time is in decaauts)
 A = Elapsed time spent in this place.
 B = Non-inter-level travel time spent in this place.
 C = Inter-level travel time spent in this place.
 D = Time resting spent in this place.
 E = Time spent auto-exploring this place.
 F = Levels seen in this place.
 G = Mean time per level.
                   A        B        C        D        E       F      G
               +--------+--------+--------+--------+--------+-----+--------+
         Total |   1544 |   1410 |    134 |     50 |    670 |   2 |  772.0 |
       Dungeon |   1544 |   1410 |    134 |     50 |    670 |   2 |  772.0 |
               +--------+--------+--------+--------+--------+-----+--------+

Top non-repeatable levels by time:
     D:1: 1063 daAuts
     D:2: 481 daAuts
